Description

Sc2 - Zerg vs Terran GUIDE - ZvT - Nydus Queen Roach - Starcraft 2. Probleme mit Terran ? :D Mit diesem Build lässt du Teraner die Power of Zerg im early/mid game spüren. RIP Terran Twitchchannel: https://www.twitch.tv/birdysc2

VOD

https://www.youtube.com/watch?v=jAXWkgURQ54&t=143s

Replay - ZvT - Nydus Queen Roach

Build Order

Get SALT Encoding   

  12  0:01  Drone  
  13  0:13  Overlord  
  13  0:17  Drone  
  14  0:33  Drone x3  
  17  0:54  Hatchery  
  17  0:56  Drone x2  
  18  1:11  Extractor  
  18  1:14  Spawning Pool  
  18  1:17  Drone x2  
  18  1:29  Drone  
  19  1:44  Overlord  
  19  2:02  Queen x2  
  19  2:04  Zergling x4  
  26  2:12  Metabolic Boost  
  30  2:38  Queen  
  33  2:51  Pneumatized Carapace  
  33  2:53  Overlord x2  
  47  3:45  Hatchery  
  47  3:48  Spore Crawler  
  45  3:54  Extractor x2  
  50  3:56  Roach Warren  
  48  4:05  Lair  
  48  4:06  Queen  
  50  4:10  Overlord  
  50  4:34  Zergling x6  
  50  4:38  Roach x4  
  59  4:42  Queen  
  63  4:52  Roach x3  
  69  4:58  Queen  
  71  5:03  Queen  
  73  5:09  Roach, Nydus Network  
  74  5:17  Roach x2  
  74  5:18  Queen  
  83  5:28  Overseer  
  89  5:46  Nydus Canal  
Spawning Tool Build Advisor. Get it on Overwolf

Analysis

Dieser Build ist sehr stark gegen Factory openings, aber auch gegen Marine openings auch noch sehr gut!

Ihr eröftnet mit dem std. opening und saturiert so schnell ihr könnt 2 basen und nehmt dann zusätzliche 2 gas so das wir auch 3 gas total kommt. Mit den ersten 100 gas nach lingspeed und overlordspeed drückt ihr den lair an und mit 41 drones auf 3 base baut ihr dann only roach und queens so das ihr ca. 6 stück habt.

sobalt lair fertig ist, baut ihr den nydus , baut weiter roaches bis der nydus fertig ist !WICHTIG! Queens zuerst in den nydus und dann die roaches damit ihr den nydus transfusen könnt! Mit dem overlord vorne baut ihr einen overseer um gegen cloak banshee´s gewapnet zu sein. viel spass beim üben ! :)

Go to:

Details

  • Created by: birdy     
  • Published on: Feb 11, 2018
  • Modified on: Feb 11, 2018
  • Patch: 4.0.0
Show
View Real Time Build Order
Export as new Build Order

Comments (0)

There are no comments. Be the first!

Create an account to comment!